 Dungeon Crawl Stone Soup version 0.19.5 (webtiles) character file.

193 heyabaki the Cudgeler (level 5, -6/53 HPs)
             Began as a Troll Berserker on May 3, 2017.
             Was a Believer of Trog.
             Mangled by an iguana (8 damage)
             ... on level 4 of the Dungeon.
             The game lasted 00:25:13 (3403 turns).

heyabaki the Cudgeler (Troll Berserker)             Turns: 3403, Time: 00:25:14

Health: -6/53      AC:  5    Str: 26    XL:     5   Next: 43%
Magic:  4/4        EV: 11    Int:  3    God:    Trog [**....]
Gold:   155        SH:  0    Dex:  9    Spells: 0 memorised, 4 levels left

rFire  . . .     SeeInvis .     a - +0 mace
rCold  . . .     Gourm    +     b - +0 animal skin
rNeg   . . .     Faith    .     (no shield)
rPois  .         Spirit   .     (helmet restricted)
rElec  .         Reflect  .     (no cloak)
rCorr  .         Harm     .     (gloves unavailable)
MR     .....                    (boots unavailable)
Stlth  +.........               (no amulet)
                                (no ring)
                                (no ring)

@: no status effects
A: unfitting armour, claws 3, fast metabolism 3, gourmand, regeneration 1,
shaggy fur 1, tough skin 2
a: Berserk, Trog's Hand, Burn Spellbooks, Renounce Religion


You were on level 4 of the Dungeon.
You worshipped Trog.
Trog was pleased with you.
You were full.

You visited 1 branch of the dungeon, and saw 4 of its levels.

You collected 155 gold pieces.

Inventory:

Hand Weapons
 a - a +0 mace (weapon)
Armour
 b - a +0 animal skin (worn)
Jewellery
 r - an uncursed ring of stealth {unknown}
Scrolls
 e - 10 scrolls of identify {unknown}
 h - 4 scrolls of remove curse {unknown}
 j - 3 scrolls of recharging {unknown}
 k - a scroll of teleportation {unknown}
 l - a scroll of immolation {unknown}
 m - a scroll of amnesia {unknown}
 n - 3 scrolls of blinking {unknown}
 p - 2 scrolls of enchant armour {unknown}
 q - 2 scrolls of fog {unknown}
Potions
 d - a potion of resistance {unknown}
 g - a potion of lignification {unknown}
 i - 2 potions of flight {unknown}
 o - a potion of heal wounds {unknown}
Comestibles
 c - 5 bread rations
 f - 2 meat rations


   Skills:
 + Level 3.6 Fighting
 + Level 3.8 Maces & Flails
 + Level 3.5 Dodging


You had 4 spell levels left.
You didn't know any spells.

Dungeon Overview and Level Annotations

Branches:
Dungeon (4/15)
 Temple: D:4-7

Altars:
Fedhas


Innate Abilities, Weirdness & Mutations

You are too large for most types of armour.
You have claws for hands.
Your metabolism is lightning-fast.
You like to eat raw meat.
Your natural rate of healing is unusually fast.
You are covered in fur. (AC +1)
You have very tough skin. (AC +2)


Message History

The iguana bites you!
You hit the iguana.
The iguana is lightly wounded.
The gnoll hits you but does no damage. The iguana bites you.
The gnoll hits you from afar with a spear.
You barely miss the iguana.
The iguana is lightly wounded.
The iguana bites you. The gnoll hits you but does no damage.
The iguana bites you!
* * * LOW HITPOINT WARNING * * *
You barely miss the iguana.
The iguana is lightly wounded.
The gnoll hits you from afar with a spear.
* * * LOW HITPOINT WARNING * * *
The iguana bites you!
* * * LOW HITPOINT WARNING * * *
You hit the iguana but do no damage.
The iguana is lightly wounded.
The gnoll barely misses you. The iguana bites you!
You die...

#. g.. #g# .g.
#.# #.#
#.########..
#gg.@l......
#.#########.
#.#########.#
#.##........#
#.##..<.....#
#.##...<....###
#............(
#.#.........#
####.#.........#


You could see an iguana and 2 gnolls.

Vanquished Creatures
  An iguana (D:4)
  10 adders
  2 worms (D:2)
  A dart slug (D:1)
  3 leopard geckos
  2 orcs (D:3)
  9 bats
  2 giant cockroaches (D:3)
  10 goblins
  8 hobgoblins
  6 kobolds
  4 frilled lizards
  7 rats
65 creatures vanquished.

Notes
Turn   | Place    | Note
-------+----------+-------------------------------------------
     0 | D:1      | heyabaki the Troll Berserker began the quest for the Orb.
     0 | D:1      | Reached XP level 1. HP: 22/22 MP: 0/0
   707 | D:1      | Reached XP level 2. HP: 28/29 MP: 1/1
  1128 | D:2      | Reached XP level 3. HP: 35/36 MP: 2/2
  1168 | D:2      | Reached ** piety under Trog
  1996 | D:2      | Reached XP level 4. HP: 45/45 MP: 3/3
  2486 | D:3      | Found a blossoming altar of Fedhas.
  2621 | D:3      | Found a faded altar of an unknown god.
  2801 | D:3      | Reached XP level 5. HP: 37/53 MP: 4/4
  3402 | D:4      | HP: 1/53 [iguana (9)]
  3403 | D:4      | Mangled by an iguana

Skill      XL: |  1  2  3 |
---------------+----------+-----
Maces & Flails | 3 |  3.8
Fighting       | 3 |  3.6
Dodging        | 3 |  3.5

Action                   |  1- 3 |  4- 6 || total
-------------------------+-------+-------++-------
Melee: Mace              |   124 |   135 ||   259
  Eat: Chunk             |    22 |    12 ||    34
Armor: Animal skin       |    72 |    49 ||   121
Dodge: Dodged            |    87 |    82 ||   169
